 Dungeon Crawl Stone Soup version 0.29-a0-521-g59ce8b2d47 (webtiles) character file.

Game seed: 9005305008669567953

35706 Bruhh the Severer (level 13, -5/118 HPs)
             Began as a Hill Orc Monk on June 1, 2022.
             Was the Champion of Zin.
             Slain by a raiju (6 damage)
             ... on level 2 of the Abyss.
             The game lasted 00:23:20 (18383 turns).

Bruhh the Severer (Hill Orc Monk)                  Turns: 18383, Time: 00:23:21

Health: -5/118     AC: 25    Str: 19    XL:     13   Next: 85%
Magic:  0/22       EV: 10    Int: 10    God:    Zin [******]
Gold:   798        SH:  0    Dex: 13    Spells: 12/12 levels left

rFire   . . .      SeeInvis +   e - +4 broad axe (freeze)
rCold   + . .      Faith    .   (no shield)
rNeg    . . .      Spirit   +   B - +4 chain mail {rC+}
rPois   .          Reflect  .   K - +0 hat {Stlth+}
rElec   .          Harm     .   f - +2 cloak
rCorr   .          Rampage  .   h - +0 pair of gloves
Will    .....                   (no boots)
Stlth   ..........              m - amulet of guardian spirit
HPRegen 0.29/turn               y - +4 ring of protection
MPRegen 0.18/turn               E - ring of see invisible

@: no status effects
A: no striking features
a: Renounce Religion, Recite, Vitalisation, Imprison, Sanctuary, Donate Gold


You were on level 2 of the Abyss.
You worshipped Zin.
Zin was exalted by your worship.
You visited 3 branches of the dungeon, and saw 15 of its levels.
You visited the Abyss 1 time.
You also visited: Bailey.

You collected 1325 gold pieces.
You donated 527 gold pieces to Zin.

Inventory:

Hand Weapons
 a - a +0 hand axe
 e - a +4 broad axe of freezing (weapon)
Missiles
 s - 60 poisoned darts (quivered)
 z - 2 throwing nets
Armour
 b - a +0 robe
 f - a +2 cloak (worn)
 h - a +0 pair of gloves (worn)
 j - a +0 chain mail
 B - a +4 chain mail of cold resistance (worn)
 D - a +0 cloak
 K - a +0 hat of stealth (worn)
Jewellery
 m - an amulet of guardian spirit (around neck)
 u - a ring of ice
 y - a +4 ring of protection (left hand)
 C - a ring of flight
 E - a ring of see invisible (right hand)
 H - a +4 ring of evasion
 P - a +4 ring of evasion
Wands
 q - a wand of mindburst (7)
 x - a wand of paralysis (5)
 A - a wand of polymorph (8)
 L - a wand of iceblast (5)
 M - a wand of flame (12)
 O - a wand of digging (7)
Scrolls
 k - a scroll of torment
 n - 2 scrolls of silence
 o - a scroll of enchant armour
 p - 3 scrolls of fog
 r - 2 scrolls of identify
 t - 3 scrolls of magic mapping
 v - a scroll of blinking
 G - a scroll of teleportation
 I - a scroll of immolation
Potions
 c - a potion of ambrosia
 d - 2 potions of haste
 g - a potion of cancellation
 i - 7 potions of degeneration
 l - 2 potions of lignification
 w - 8 potions of flight
 N - 3 potions of brilliance


   Skills:
 - Level 12.0 Fighting
 + Level 17.5 Axes
 - Level 12.0 Armour
 + Level 6.7 Dodging
 - Level 1.5 Stealth
 - Level 12.5 Invocations


You had 12 spell levels left.
You didn't know any spells.
Your spell library contained the following spells:

 Spells                   Type           Power      Damage    Failure   Level
 Confusing Touch          Hex            0%         N/A       100%        3
 Portal Projectile        Hex/Tloc       0%         N/A       100%        3
 Tukima's Dance           Hex            0%         N/A       100%        3
 Fulminant Prism          Conj/Hex       0%         3d6       100%        4
 Iskenderun's Mystic Bla  Conj/Tloc      0%         2d3       100%        4
 Blade Hands              Tmut           0%         N/A       100%        5
 Lee's Rapid Deconstruct  Erth           0%         3d5*      100%        5
 Yara's Violent Unravell  Hex/Tmut       0%         3d3       100%        5
 Enfeeble                 Hex            0%         N/A       100%        7


Dungeon Overview and Level Annotations

Branches:
Dungeon (11/15)            Temple (1/1) D:6            Lair (3/6) D:10
    Orc (0/2) D:11         Bailey (visited)
  Swamp: Lair:2-4    Shoals: Lair:2-4     Snake: Lair:2-4    Spider: Lair:2-4

Altars:
Ashenzari
Cheibriados
Dithmenos
Elyvilon
Fedhas
Gozag
Hepliaklqana
Kikubaaqudgha
Makhleb
Nemelex Xobeh
Okawaru
Qazlal
Ru
Sif Muna
Trog
Uskayaw
Vehumet
Wu Jian
Xom
Yredelemnul
Zin
The Shining One

Shops:
D:2 (   D:8 *

Annotations:
D:6 2 transporters, makewrite's ghost, novice TrBe
D:7 2 transporters, stabb's ghost, novice DEFE
D:9 1 transporter, Anamonty's ghost, novice OpTm


Message History

The living lightning hits the raiju.
The raiju completely resists.
The living lightning hits the raiju.
The raiju completely resists.
The living lightning hits you!!
* * * LOW HITPOINT WARNING * * *
The raiju blinks! x4
You barely miss the raiju. You hit the raiju. You freeze the raiju.
The raiju is lightly wounded.
The raiju barely misses you.
The raiju bursts into living lightning!
The living lightning hits the raiju.
The raiju completely resists.
The living lightning misses you.
The raiju blinks! x3
You barely miss the raiju.
The raiju is lightly wounded.
You barely miss the raiju. The raiju bites you.
* * * LOW HITPOINT WARNING * * *
The raiju shocks you!
* * * LOW HITPOINT WARNING * * *
The raiju bites you!
* * * LOW HITPOINT WARNING * * *
The raiju shocks you!
* * * LOW HITPOINT WARNING * * *
You slice the raiju!! You freeze the raiju!
The raiju is severely wounded.
You hit the raiju but do no damage. You slash the raiju! You freeze the raiju.
The raiju bites you but does no damage.
The raiju bursts into living lightning!
The living lightning misses you.
The raiju blinks!
The raiju closely misses you.
Unknown command.
You hit the raiju but do no damage.
The raiju is severely wounded.
You hit the raiju but do no damage. You slash the raiju! You freeze the raiju.
You hit the raiju. You freeze the raiju.
The raiju is severely wounded.
You barely miss the raiju. You slash the raiju! You freeze the raiju.
The raiju bites you.
* * * LOW HITPOINT WARNING * * *
The raiju shocks you!
You die...

#
####.##########
.......@.......
......hhh......
#######h#######
. .≈≈≈.........
.#≈≈≈≈#..##..##
# ≈≈≈≈..# #
.... ≈≈.. .
......≈≈≈ .# .
##..##


You could see 4 raiju.

Vanquished Creatures
  Gastronok (D:8)
  Fannar (D:10)
  A boulder beetle (D:11)
  2 hydras
  A two-headed ogre (D:7)
  Nergalle (D:10)
  2 skeletal warriors (D:10)
  An orc knight (Bailey)
  An ugly thing (D:11)
  2 komodo dragons
  6 cane toads
  An unseen horror (D:8)
  2 rime drakes (Lair:2)
  2 kobold demonologists
  A polar bear (Lair:3)
  2 trolls
  Prince Ribbit (D:6)
  A shadow (D:9)
  A vampire (D:10)
  3 wyverns
  53 yaks
  A basilisk (Lair:1)
  2 steam dragons
  2 vampire mosquitoes (D:11)
  Menkaure (D:5)
  Edmund (D:5)
  6 water moccasins
  10 orc warriors
  4 black bears
  2 sky beasts
  3 ogres
  8 wolves
  3 centaurs
  3 phantoms
  5 kobold brigands
  A gnoll sergeant (D:10)
  Blork the orc (D:5)
  9 bullfrogs
  3 necrophages
  2 scorpions (D:6)
  5 wights (D:9)
  14 killer bees
  5 howler monkeys
  2 gnoll shamans (D:8)
  4 jellies
  5 orc priests
  2 hounds
  4 iguanas
  6 orc wizards
  5 hell rats (Lair:2)
  13 gnolls
  6 adders
  2 shadow imps
  2 white imps (D:7)
  A worm (D:2)
  4 dart slugs
  27 orcs
  2 bats (D:2)
  6 endoplasms
  3 giant cockroaches
  4 goblins
  8 hobgoblins
  10 jackals
  40 kobolds
  6 quokkas
  3 ball pythons
  2 frilled lizards (D:1)
  2 rats
346 creatures vanquished.

Vanquished Creatures (others)
  Maurice (D:8)
  19 fungi
  A pillar of salt (D:9)
  83 plants
104 creatures vanquished.

Grand Total: 450 creatures vanquished

Notes
Turn   | Place    | Note
-------+----------+-------------------------------------------
     0 | D:1      | Bruhh the Hill Orc Monk began the quest for the Orb.
     0 | D:1      | Reached XP level 1. HP: 19/19 MP: 1/1
    94 | D:1      | Found an iron altar of Okawaru.
    99 | D:1      | Reached XP level 2. HP: 17/27 MP: 2/2
   756 | D:1      | Reached XP level 3. HP: 34/34 MP: 3/3
  1171 | D:2      | Reached skill level 5 in Axes
  1340 | D:2      | Found Lanesch's Antique Weapon Shoppe.
  1549 | D:2      | Reached XP level 4. HP: 39/41 MP: 4/4
  2005 | D:3      | Found a sacrificial altar of Ru.
  2288 | D:3      | Reached skill level 5 in Fighting
  2692 | D:3      | Found a faded altar of an unknown god.
  2692 | D:3      | Noticed a neqoxec
  2956 | D:4      | Noticed a necrophage
  2968 | D:4      | Killed a necrophage
  2969 | D:4      | Reached skill level 6 in Axes
  2969 | D:4      | Reached XP level 5. HP: 43/50 MP: 5/5
  3187 | D:4      | Reached XP level 6. HP: 50/57 MP: 6/6
  3777 | D:4      | Reached skill level 7 in Axes
  4384 | D:5      | Entered Level 5 of the Dungeon
  4384 | D:5      | Noticed Edmund
  4491 | D:4      | Identified a scroll of acquirement
  4495 | D:4      | Acquired a +2 broad axe of freezing
  4499 | D:5      | Noticed a black bear
  4506 | D:5      | Killed a black bear
  4567 | D:5      | Reached XP level 7. HP: 66/66 MP: 7/7
  4573 | D:5      | Reached skill level 8 in Axes
  5004 | D:5      | Noticed Menkaure
  5013 | D:5      | Killed Menkaure
  5301 | D:5      | Noticed Blork the orc
  5309 | D:5      | Killed Blork the orc
  5310 | D:5      | Reached skill level 9 in Axes
  5310 | D:5      | Reached XP level 8. HP: 62/74 MP: 5/8
  5659 | D:5      | Killed Edmund
  6425 | D:6      | Noticed a yak
  6425 | D:6      | Noticed a yak
  6425 | D:6      | Noticed a yak
  6426 | D:6      | Noticed a yak
  6427 | D:6      | Noticed a yak
  6428 | D:6      | Noticed a yak
  6436 | D:6      | Reached skill level 10 in Axes
  6443 | D:6      | Killed a yak
  6446 | D:6      | Killed a yak
  6455 | D:6      | Killed a yak
  6456 | D:6      | Reached skill level 10 in Fighting
  6456 | D:6      | Reached skill level 11 in Axes
  6456 | D:6      | Reached XP level 9. HP: 85/85 MP: 6/9
  6509 | D:6      | Reached skill level 12 in Axes
  6927 | D:6      | Noticed makewrite's ghost (novice TrBe)
  6929 | D:6      | Noticed a troll
  6938 | D:6      | Found a transporter.
  6941 | D:6      | Found a transporter.
  6999 | D:6      | Found a staircase to the Ecumenical Temple.
  7009 | D:6      | Noticed Prince Ribbit
  7021 | D:6      | Killed Prince Ribbit
  7025 | Temple   | Entered the Ecumenical Temple
  7217 | Temple   | Became a worshipper of Zin the Law-Giver
  7217 | Temple   | Reached * piety under Zin
  7217 | Temple   | Reached ** piety under Zin
  7217 | Temple   | Reached *** piety under Zin
  7456 | D:6      | Found a shimmering blue altar of Sif Muna.
  7456 | D:6      | Found an ornate altar of the Wu Jian Council.
  7761 | D:7      | Found a flagged portal.
  7770 | Bailey   | Entered a bailey
  7849 | Bailey   | Reached XP level 10. HP: 97/97 MP: 10/10
  7872 | Bailey   | Reached skill level 5 in Armour
  7872 | Bailey   | Reached skill level 1 in Invocations
  7938 | Bailey   | Identified the +1 chain mail of Shielding {MP+9}
  8115 | Bailey   | Reached **** piety under Zin
  8115 | Bailey   | Reached ***** piety under Zin
  8124 | Bailey   | Noticed an orc knight
  8143 | Bailey   | Killed an orc knight
  8535 | D:7      | Noticed a two-headed ogre
  8807 | D:7      | Reached skill level 5 in Invocations
  8929 | D:7      | Reached ****** piety under Zin
  9093 | D:7      | Noticed stabb's ghost (novice DEFE)
  9094 | D:7      | Noticed a centaur warrior
  9095 | D:7      | Found a transporter.
  9236 | D:7      | Found a transporter.
  9242 | D:7      | Noticed a cyclops
  9593 | D:7      | Killed a two-headed ogre
  9628 | D:7      | Donated 395 gold pieces to Zin
  9999 | D:8      | Noticed a kobold demonologist
 10474 | D:8      | Found Muataomm's Assorted Antiques.
 10531 | D:8      | Reached XP level 11. HP: 104/104 MP: 17/17
 10926 | D:8      | Noticed Gastronok
 10947 | D:8      | Killed Gastronok
 11193 | D:8      | Noticed Maurice
 11204 | D:8      | Killed Maurice
 11394 | D:9      | Reached skill level 10 in Invocations
 11603 | D:9      | Reached skill level 10 in Armour
 11764 | D:9      | Found a hide-covered altar of Uskayaw.
 11779 | D:9      | Noticed Anamonty's ghost (novice OpTm)
 11785 | D:9      | You fall into a shaft and drop 2 floors!
 11787 | D:11     | Noticed a white ugly thing
 12199 | D:11     | Reached skill level 13 in Axes
 12199 | D:11     | Reached XP level 12. HP: 112/112 MP: 19/21
 12314 | D:10     | Entered Level 10 of the Dungeon
 12614 | D:10     | Found the +4 robe of Augmentation {Str+4 Int+4 Dex+4}
 12664 | D:9      | Found a transporter.
 12702 | D:9      | Reached skill level 14 in Axes
 13337 | D:10     | Found a staircase to the Lair.
 13362 | D:10     | Noticed Fannar
 13401 | D:10     | Killed Fannar
 13911 | D:10     | Noticed Nergalle
 14217 | Lair:1   | Entered Level 1 of the Lair of Beasts
 14257 | Lair:1   | Reached skill level 15 in Axes
 14260 | Lair:1   | Reached XP level 13. HP: 94/108 MP: 20/22
 15189 | Lair:2   | Reached skill level 16 in Axes
 15566 | Lair:2   | Reached skill level 5 in Dodging
 17277 | Lair:3   | Reached skill level 17 in Axes
 17588 | D:10     | HP: 3/118 [skeletal warrior/+0 war axe (12)]
 18121 | D:10     | Killed Nergalle
 18185 | D:11     | Found a staircase to the Orcish Mines.
 18321 | D:11     | Cast into level 2 of the Abyss (skeletal warrior)
 18380 | Abyss:2  | HP: 4/118 [raiju (5)]
 18383 | Abyss:2  | HP: 1/118 [raiju (3)]
 18383 | Abyss:2  | Slain by a raiju

Illustrated notes

Levels and vault maps discovered:
D:1:      onia_arrival_mini_spirals, layout_loops_ring, serial_bayou_pond_a,
          minmay_hexomino_r4
D:2:      layout_loops_ring, serial_shops, shop, eino_curves_01, hex_tiny,
          kennysheep_potato
D:3:      layout_loops_corners, lemuel_doored_altar,
          dreamdust_ecumenical_altar_sealed_demon, minivault_24
D:4:      kennysheep_kobold_camp, layout_basic, serial_curves, eino_curves_03,
          eino_curves_03
D:5:      layout_cave_pods, uniq_edmund, uniq_blork_the_orc, uniq_menkaure
D:6:      layout_loops_ring, mainiacjoe_overflow_divided_tiny, temple_fountains,
          gammafunk_ghost_arena, grunt_potential, uniq_prince_ribbit1
D:7:      layout_basic, gammafunk_ghost_arena, enter_bailey_2
D:8:      layout_loops_ring, serial_bayou, serial_bayou_shore_b,
          serial_bayou_pond_e, serial_bayou_shore_b, serial_bayou_pond_b,
          serial_shops, nicolae_shop_overgrown_old_shop, nicolae_two_hexagons,
          uniq_maurice, uniq_gastronok
D:9:      layout_roguey, overflow_temple_1_default, gammafunk_ghost_stat_death
D:10:     layout_rooms, lair_entry_dummy, serial_curves, eino_curves_04,
          eino_curves_02, gammafunk_ghost_grave, uniq_nergalle, uniq_fannar
D:11:     layout_long_grid, orc_0_dummy, portal_ice_cave_demonic_guard
Temple:   hc_temple_tempest_star
Lair:1:   statuecave_lemuel, layout_cave_pods, gauntlet_entry_generic,
          lemuel_fruit_tree
Lair:2:   layout_regular_city
Lair:3:   nzn_winding_woodlands_stair_cross [nzn_winding_woodlands_5x15_parted,
          nzn_winding_woodlands_center_triple_pond,
          nzn_winding_woodlands_5x15_eye, nzn_winding_woodlands_5x5_closed_star,
          nzn_winding_woodlands_5x5_default, nzn_winding_woodlands_5x15_twine,
          nzn_winding_woodlands_center_lodge,
          nzn_winding_woodlands_5x15_jagged], layout_chaotic_city,
          elwin_shoals_entry_rocks, spider_nest_entry_a,
          infiniplex_staircase_pool
Abyss:2:  base: Lair:1, base: D:11, evilmike_abyss_exit_kraken

Skill      XL: |  1  2  3  4  5  6  7  8  9 10 11 12 13 |
---------------+----------------------------------------+-----
Fighting       | 4 5 6 7 8 10 12 | 12.0
Axes           | 5 6 7 9 11 12 13 15 17 | 17.5
Armour         | 4 8 11 12 | 12.0
Invocations    | 8 12 | 12.5
Dodging        | 6 |  6.7
Stealth        | |  1.5

Action                   |  1- 3 |  4- 6 |  7- 9 | 10-12 | 13-15 || total
-------------------------+-------+-------+-------+-------+-------++-------
Melee: Hand axe          |   126 |   157 |       |       |       ||   283
       Punch             |     1 |     2 |     4 |     5 |     6 ||    18
       Broad axe         |       |     8 |   214 |   442 |   284 ||   948
Throw: Dart              |       |       |     1 |       |       ||     1
Invok: Recite            |       |       |       |     8 |     4 ||    12
       Vitalisation      |       |       |       |     4 |     3 ||     7
       Donate Gold       |       |       |       |     1 |       ||     1
       Sanctuary         |       |       |       |       |     1 ||     1
Evoke: Wand              |       |       |       |     3 |    12 ||    15
  Use: Scroll            |       |     4 |     8 |    13 |     5 ||    30
       Potion            |       |       |     1 |    12 |     4 ||    17
 Stab: Sleeping          |     1 |       |       |       |       ||     1
       Invisible         |       |       |       |     7 |       ||     7
       Paralysed         |       |       |       |       |     3 ||     3
Armor: Robe              |    14 |       |       |       |       ||    14
       Chain mail        |    59 |    93 |    94 |   280 |   178 ||   704
       Skin              |       |       |    28 |       |       ||    28
Dodge: Dodged            |    57 |    47 |    59 |   211 |   145 ||   519

Table legend: (Time is in decaauts)
 A = Elapsed time spent in this place.
 B = Non-inter-level travel time spent in this place.
 C = Inter-level travel time spent in this place.
 D = Time resting spent in this place.
 E = Time spent auto-exploring this place.
 F = Levels seen in this place.
 G = Mean time per level.
                   A        B        C        D        E       F      G
               +--------+--------+--------+--------+--------+-----+--------+
         Total |  18396 |  17684 |    712 |   1713 |  13167 |  17 | 1082.1 |
       Dungeon |  14138 |  13580 |    558 |   1395 |  10109 |  11 | 1285.3 |
        Temple |    238 |    190 |     48 |      0 |    171 |   1 |  238.0 |
          Lair |   3210 |   3105 |    105 |    318 |   2391 |   3 | 1070.0 |
         Abyss |     60 |     60 |      0 |      0 |     54 |   1 |   60.0 |
        Bailey |    748 |    748 |      0 |      0 |    440 |   1 |  748.0 |
               +--------+--------+--------+--------+--------+-----+--------+

Top non-repeatable levels by time:
     D:4: 1781 daAuts
     D:5: 1774 daAuts
     D:9: 1593 daAuts
     D:8: 1498 daAuts
  Lair:2: 1488 daAuts
    D:10: 1357 daAuts
     D:6: 1352 daAuts
  Lair:1: 1337 daAuts
     D:7: 1142 daAuts
     D:1: 1033 daAuts
     D:3: 954 daAuts
     D:2: 880 daAuts
    D:11: 771 daAuts
  Bailey: 748 daAuts
  Lair:3: 385 daAuts
